 Dungeon Crawl Stone Soup version 0.19.1 (console) character file.

36698 Kloppie the Impaler (level 13, 0/103 HPs)
             Began as a Merfolk Berserker on Dec 3, 2016.
             Was a High Priest of Trog.
             Shot with an arrow by Nessos (15 damage)
             ... on level 5 of the Lair of Beasts.
             The game lasted 00:26:12 (16713 turns).

Kloppie the Impaler (Merfolk Berserker)            Turns: 16713, Time: 00:26:13

Health: 0/103      AC: 15    Str: 20    XL:     13   Next: 91%
Magic:  13/13      EV: 20    Int:  7    God:    Trog [*****.]
Gold:   896        SH:  0    Dex: 17    Spells: 0 memorised, 12 levels left

rFire  . . .     SeeInvis .     b - +0 halberd (freeze)
rCold  . . .     Gourm    .     H - +1 scale mail
rNeg   + . .     Faith    .     (shield currently unavailable)
rPois  +         Spirit   .     (helmet restricted)
rElec  .         Reflect  .     E - +2 cloak
rCorr  .         Harm     .     J - +2 pair of gloves
MR     ++...                    (no boots)
Stlth  ..........               (no amulet)
                                A - ring of poison resistance
                                x - ring of positive energy

@: lethally poisoned (0 -> -1), regenerating, drained
A: change form in water, swift swim, stealthy swim, antennae 1, mutation
resistance 1, strong 1
a: Berserk, Trog's Hand, Brothers in Arms, Burn Spellbooks, Renounce Religion


You were on level 5 of the Lair of Beasts.
You worshipped Trog.
Trog was extremely pleased with you.
You were hungry.

You visited 2 branches of the dungeon, and saw 16 of its levels.
You also visited: Bailey.

You collected 992 gold pieces.
You spent 96 gold pieces at shops.

Inventory:

Hand Weapons
 a - the +5 trident of Inflation {pain, +Inv Int+2}
   (You found it on level 6 of the Dungeon)

   In the hands of one skilled in necromantic magic, it inflicts extra damage on
   living creatures.
   It affects your intelligence (+2).
   It lets you turn invisible.
 b - a +0 halberd of freezing (weapon)
 K - a +7 antimagic bardiche
 L - a +3 antimagic halberd
Armour
 e - the +4 fire dragon scales of Burph {rF++ rC- MR+ SInv}
   (You found it in a bailey)

   It greatly protects you from fire.
   It makes you vulnerable to cold.
   It affects your resistance to hostile enchantments.
   It lets you see invisible.
 E - a +2 cloak (worn)
 H - a +1 scale mail (worn)
 J - a +2 pair of gloves (worn)
Jewellery
 f - an uncursed ring of fire
 x - a ring of positive energy (left hand)
 A - a ring of poison resistance (right hand)
Wands
 w - a wand of lightning (7/15)
 B - a wand of disintegration (16/24)
 C - a wand of lightning (8/15)
 I - a wand of confusion (17/48)
 M - a wand of heal wounds (7/9)
Scrolls
 i - 11 scrolls of remove curse
 j - a scroll of recharging
 k - 4 scrolls of fog
 o - 3 scrolls of teleportation
 q - a scroll of blinking
 r - 3 scrolls of noise
 v - a scroll of enchant armour
Potions
 g - 2 potions of cancellation
 l - a potion of brilliance
 m - 7 potions of haste
 n - a potion of invisibility
 p - a potion of cure mutation {unknown}
 t - 3 potions of flight
 y - 2 potions of heal wounds
 z - 9 potions of agility
 D - 5 potions of curing
 F - a potion of ambrosia
 N - a potion of lignification {unknown}
Comestibles
 c - 8 bread rations
 d - 38 fruits
 h - 7 beef jerkies
 s - 3 meat rations
 u - 5 chunks of flesh
 G - a slice of pizza


   Skills:
 + Level 10.2(9.9) Fighting
 - Level 20.0(19.6) Polearms
 + Level 7.6(7.3) Armour
 - Level 15.6(15.3) Dodging


You had 12 spell levels left.
You didn't know any spells.

Dungeon Overview and Level Annotations

Branches:
Dungeon (11/15)            Temple (0/1) D:6            Lair (5/6) D:9
 Shoals (0/4) Lair:3       Spider (0/4) Lair:2        Slime (0/5) Lair:5
    Orc (0/2) D:10

Altars:
Cheibriados
Fedhas
Xom

Shops:
D:10 ?   D:11 }

Annotations:
Lair:5 Nessos


Innate Abilities, Weirdness & Mutations

You revert to your normal form in water.
You are very nimble and swift while swimming.
You are very stealthy in the water. (Stealth+)
You have a pair of small antennae on your head.
You are somewhat resistant to further mutation.
Your muscles are strong. (Str +2)


Message History

Nessos blinks!
Nessos shoots an arrow.
The arrow hits you!
* * * LOW HITPOINT WARNING * * *
The arrow burns you.
* * * LOW HITPOINT WARNING * * *
You see here an arrow.
Your skin crawls.
You feel resistant to hostile enchantments.
You feel somewhat more hungry.
Nessos shoots an arrow.
The arrow misses you.
A crocodile comes into view.
Nessos casts a spell.
A rime drake comes into view.
Nessos shoots an arrow.
The arrow hits you!
* * * LOW HITPOINT WARNING * * *
The arrow burns you!
You are poisoned.
* * * LOW HITPOINT WARNING * * *
The rime drake bites your ogre but does no damage.
Nessos intently looks at you, slowly moving his tail.
Nessos shoots an arrow.
The arrow hits you!
You die...

#...............
###.##P.....##
####.....##
###....#
##...### #
##..#P# # ##(..#
. #(..# .
#@#...... .
#.#.....t. ##
....... .....O.
.....ck #>.....
#..... .....


You could see Nessos, a rime drake, a crocodile and a friendly ogre (berserk).

Vanquished Creatures
  Gastronok (D:8)
  5 hydras
  The ghost of TheSquall the Fencer, a novice MiFi (D:9)
  A death yak (Lair:4)
  Nergalle (Lair:1)
  An unseen horror (D:10)
  The ghost of AAAAA the Basher, a novice VSGl of Okawaru (Bailey)
  The ghost of AAAAA the Carver, a novice DrGl of Yredelemnul (D:5)
  3 hill giants
  An orc knight (Bailey)
  An oklob plant (Lair:1)
  A manticore (Lair:3)
  Joseph (D:8)
  3 black mambas
  Maurice (D:9)
  8 spiny frogs
  3 rime drakes
  6 komodo dragons
  2 trolls
  A jumping spider (Lair:2)
  2 polar bears
  A slime creature (Lair:5)
  A meliai zombie (D:11)
  7 hippogriffs
  9 blink frogs
  5 redbacks (Lair:2)
  20 yaks
  4 wyverns
  A hungry ghost (D:10)
  A basilisk (Lair:2)
  A mottled dragon (D:11)
  11 water moccasins
  5 porcupines
  A sky beast (D:7)
  Duvessa (D:7)
  8 orc warriors
  3 black bears
  An ice beast (D:11)
  2 ogres
  14 wolves
  An eye of draining (D:8)
  2 phantoms
  14 centaurs
  11 crocodiles
  A big kobold (D:8)
  7 bullfrogs
  The ghost of sheala the Vexing, an amateur DEEn of Sif Muna (D:3)
  A gnoll sergeant (D:10)
  3 scorpions
  Dowan (D:7)
  A water moccasin skeleton (D:8)
  14 killer bees
  6 wights
  A howler monkey (D:6)
  5 crimson imps
  A bullfrog zombie (D:5)
  2 centaur zombies
  7 jellies
  3 hounds
  Crazy Yiuf (D:5)
  7 orc priests
  10 orc wizards
  2 bullfrog skeletons (D:9)
  5 iguanas
  6 hell rats (Lair:4)
  5 worker ants
  A howler monkey zombie (D:10)
  2 worker ant zombies
  Robin (D:3)
  10 adders
  21 gnolls
  A howler monkey skeleton (D:6)
  2 shadow imps
  3 adder skeletons
  A worm (D:4)
  2 dart slugs (D:1)
  A leopard gecko (D:2)
  57 orcs
  10 bats
  6 giant cockroaches
  16 goblins
  11 hobgoblins
  2 jackals (D:4)
  9 quokkas
  2 ball pythons
  6 frilled lizards
  5 kobolds
  A leopard gecko skeleton (D:5)
  5 rats
  A fungus (D:5)
  2 plants
437 creatures vanquished.

Vanquished Creatures (collateral kills)
  A black mamba (Lair:4)
  A crocodile (Lair:4)
2 creatures vanquished.

Vanquished Creatures (others)
  An orc (D:11)
  6 fungi
  6 plants
13 creatures vanquished.

Grand Total: 452 creatures vanquished

Notes
Turn   | Place    | Note
-------+----------+-------------------------------------------
     0 | D:1      | Kloppie the Merfolk Berserker began the quest for the Orb.
     0 | D:1      | Reached XP level 1. HP: 18/18 MP: 1/1
   104 | D:1      | Reached XP level 2. HP: 24/24 MP: 2/2
   110 | D:1      | Reached skill level 5 in Polearms
   547 | D:1      | Reached XP level 3. HP: 24/30 MP: 3/3
   621 | D:1      | Reached ** piety under Trog
  1098 | D:2      | Reached skill level 6 in Polearms
  1250 | D:2      | Reached XP level 4. HP: 31/37 MP: 4/4
  1453 | D:3      | Noticed sheala's ghost (amateur DEEn)
  1474 | D:3      | Killed sheala's ghost
  1474 | D:3      | Reached skill level 7 in Polearms
  1474 | D:3      | Reached XP level 5. HP: 43/43 MP: 5/5
  1814 | D:3      | Reached *** piety under Trog
  1814 | D:3      | Reached skill level 8 in Polearms
  1837 | D:3      | Reached XP level 6. HP: 43/50 MP: 6/6
  2105 | D:3      | Noticed Robin
  2117 | D:3      | Killed Robin
  2117 | D:3      | Reached skill level 5 in Fighting
  2774 | D:4      | Reached skill level 9 in Polearms
  3042 | D:5      | Entered Level 5 of the Dungeon
  3053 | D:5      | Reached XP level 7. HP: 56/56 MP: 7/7
  3127 | D:5      | Reached **** piety under Trog
  3161 | D:5      | Noticed AAAAA's ghost (novice DrGl)
  3195 | D:5      | Killed AAAAA's ghost
  3195 | D:5      | Reached skill level 11 in Polearms
  3195 | D:5      | Reached XP level 8. HP: 10/65 MP: 8/8
  3634 | D:5      | Reached skill level 12 in Polearms
  3807 | D:5      | Found a shimmering altar of Xom.
  4016 | D:5      | Found a runed door.
  4020 | D:5      | Noticed Crazy Yiuf
  4024 | D:5      | Killed Crazy Yiuf
  4135 | D:5      | Gained mutation: You are somewhat resistant to further mutation. [potion of mutation]
  4135 | D:5      | Gained mutation: Your muscles are strong. (Str +2) [potion of mutation]
  4135 | D:5      | Gained mutation: You have a pair of small antennae on your head. [potion of mutation]
  4179 | D:6      | Found a staircase to the Ecumenical Temple.
  4260 | D:6      | Reached skill level 13 in Polearms
  4383 | D:6      | Reached XP level 9. HP: 72/72 MP: 9/9
  4394 | D:6      | Got a dazzling trident
  4471 | D:6      | Identified the +5 trident of Inflation {pain, +Inv Int+2} (You found it on level 6 of the Dungeon)
  4608 | D:7      | Reached skill level 14 in Polearms
  4624 | D:7      | Found a blossoming altar of Fedhas.
  5082 | D:7      | Noticed Duvessa
  5085 | D:7      | Noticed Dowan
  5108 | D:7      | Killed Duvessa
  5108 | D:7      | Reached ***** piety under Trog
  5124 | D:7      | Killed Dowan
  5124 | D:7      | Reached skill level 15 in Polearms
  5600 | D:8      | Noticed Gastronok
  5625 | D:8      | Killed Gastronok
  5625 | D:8      | Reached skill level 16 in Polearms
  5625 | D:8      | Reached skill level 5 in Dodging
  5625 | D:8      | Reached XP level 10. HP: 83/83 MP: 10/10
  5737 | D:8      | Found a flagged portal.
  5939 | D:8      | Reached skill level 17 in Polearms
  5991 | D:8      | Noticed Joseph
  6001 | Bailey   | Entered a bailey
  6271 | Bailey   | Noticed an orc knight
  6444 | Bailey   | Noticed AAAAA's ghost (novice VSGl)
  6450 | Bailey   | Killed AAAAA's ghost
  6712 | Bailey   | Killed an orc knight
  6811 | Bailey   | Got ancient fire dragon scales
  6815 | Bailey   | Got a warped large shield
  6941 | D:8      | Reached XP level 11. HP: 89/89 MP: 11/11
  7018 | D:8      | Reached skill level 18 in Polearms
  7262 | D:8      | Killed Joseph
  7388 | D:9      | Received a gift from Trog
  7728 | D:9      | Found a staircase to the Lair.
  7747 | D:9      | Noticed Maurice
  7778 | Lair:1   | Entered Level 1 of the Lair of Beasts
  8026 | D:9      | Killed Maurice
  8336 | D:9      | Noticed TheSquall's ghost (novice MiFi)
  8351 | D:9      | Killed TheSquall's ghost
  8807 | D:10     | Entered Level 10 of the Dungeon
  8810 | D:10     | Noticed a hill giant
  8815 | D:10     | Killed a hill giant
  8815 | D:10     | Reached skill level 10 in Dodging
  9084 | D:10     | Found a staircase to the Orcish Mines.
  9185 | D:10     | Killed an unseen horror
  9185 | D:10     | Reached skill level 19 in Polearms
  9435 | D:10     | Noticed a hill giant
  9444 | D:10     | Killed a hill giant
  9611 | D:10     | Found Cekias's Magic Scroll Emporium.
  9614 | D:10     | Bought a scroll of identify for 24 gold pieces
  9614 | D:10     | Bought a scroll of identify for 24 gold pieces
  9614 | D:10     | Bought a scroll of identify for 24 gold pieces
  9614 | D:10     | Bought a scroll of identify for 24 gold pieces
  9616 | D:10     | Identified the +0 large shield of the Armoured One {rF+ rN+ Dex+5 Stlth-} (You found it in a bailey)
  9617 | D:10     | Identified the +4 fire dragon scales of Burph {rF++ rC- MR+ SInv} (You found it in a bailey)
  9778 | D:11     | Noticed a five-headed hydra
  9809 | D:11     | Killed a five-headed hydra
  9809 | D:11     | Reached XP level 12. HP: 23/95 MP: 12/12
 10182 | D:11     | Found Resownoid's Gadget Boutique.
 10183 | D:11     | Noticed a five-headed hydra
 10205 | D:11     | Killed a five-headed hydra
 10259 | D:11     | Received a gift from Trog
 11144 | D:11     | Reached skill level 20 in Polearms
 11781 | Lair:1   | Found a snail-covered altar of Cheibriados.
 12103 | Lair:1   | Noticed Nergalle
 12117 | Lair:1   | Killed Nergalle
 12300 | Lair:2   | Reached skill level 5 in Armour
 12374 | Lair:2   | Reached XP level 13. HP: 69/101 MP: 13/13
 12447 | Lair:2   | Found a hole to the Spider Nest.
 13667 | Lair:3   | Found a staircase to the Shoals.
 13685 | Lair:3   | Reached skill level 15 in Dodging
 13882 | Lair:3   | Received a gift from Trog
 16392 | Lair:4   | Reached skill level 10 in Fighting
 16481 | Lair:5   | Found a staircase to the Slime Pits.
 16707 | Lair:5   | Noticed Nessos
 16713 | Lair:5   | Shot with an arrow by Nessos

Skill      XL: |  1  2  3  4  5  6  7  8  9 10 11 12 13 |
---------------+----------------------------------------+-----
Polearms       | 5 6 7 8 9 11 13 16 17 19 20 | 20.0
Fighting       | 4 5 6 7 9 10 | 10.2
Dodging        | 5 7 11 14 15 | 15.6
Armour         | 2 5 7 |  7.6

Action                   |  1- 3 |  4- 6 |  7- 9 | 10-12 | 13-15 || total
-------------------------+-------+-------+-------+-------+-------++-------
Melee: Spear             |   174 |   241 |    85 |       |       ||   500
       Halberd           |       |       |   248 |   714 |   384 ||  1346
       Trident           |       |       |       |    24 |    30 ||    54
Invok: Berserk           |       |     5 |     7 |    12 |     4 ||    28
       Trog's Hand       |       |     1 |     1 |     3 |     2 ||     7
       Brothers in Arms  |       |       |       |       |     1 ||     1
  Use: Scroll            |       |       |     8 |    20 |     8 ||    36
       Potion            |       |       |     1 |     4 |     1 ||     6
 Stab: Distracted        |       |       |       |       |     1 ||     1
  Eat: Chunk             |     1 |    10 |    16 |    16 |    11 ||    54
       Meat ration       |       |       |       |     4 |     1 ||     5
       Royal jelly       |       |       |       |       |     1 ||     1
Armor: Scale mail        |    41 |    71 |    80 |   143 |    84 ||   419
Dodge: Dodged            |    46 |    74 |    92 |   494 |   337 ||  1043
